BSA
AUSTIN RIVER SHARKS @ POCATELLO BOCCABELLAS
07/24/2026
 
TOP OF THE 1ST
Austin River Sharks batting - Pitching for Pocatello Boccabellas : RHP Kevin Bush
Pitching: RHP Kevin Bush
Batting: LHB Bruno Lalonde 0-0: Fly out, F8 (Flyball, 8LM)
Batting: RHB Tyler Wagner 0-0: Swinging Strike
0-1: Swinging Strike
0-2: Strikes out swinging
Batting: SHB Juan Castro 0-0: Called Strike
0-1: Called Strike
0-2: Ball
1-2: Ball
2-2: Strikes out swinging
Top of the 1st over - 0 run(s), 0 hit(s), 0 error(s), 0 left on base; Austin 0 - Pocatello 0
BOTTOM OF THE 1ST
Pocatello Boccabellas batting - Pitching for Austin River Sharks : RHP Salvador Ramírez
Pitching: RHP Salvador Ramírez
Batting: RHB José García 0-0: Ball
1-0: Ball
2-0: Foul Ball, location: 2F
2-1: Ground out 4-3 (Groundball, 4)
Batting: LHB Norberto Muńóz 0-0: Ball
1-0: Bunted foul
1-1: Foul Ball, location: 2F
1-2: Ball
2-2: Ball
3-2: Fly out, F6 (Popup, 6D)
Batting: LHB Juan Cortés 0-0: Ball
1-0: Ball
2-0: Called Strike
2-1: Ball
3-1: Foul Ball, location: 2F
3-2: Ground out 6-3 (Groundball, 6)
Bottom of the 1st over - 0 run(s), 0 hit(s), 0 error(s), 0 left on base; Austin 0 - Pocatello 0
TOP OF THE 2ND
Austin River Sharks batting - Pitching for Pocatello Boccabellas : RHP Kevin Bush
Batting: LHB Pedro Zaragoza 0-0: Called Strike
0-1: Ball
1-1: Ball
2-1: Swinging Strike
2-2: Foul Ball, location: 2F
2-2: Strikes out swinging
Batting: RHB Kenneth Roberts 0-0: SINGLE (Groundball, 4M) (infield hit)
Batting: LHB Terry Maloney 0-0: Swinging Strike
0-1: Ball
1-1: Foul Ball, location: 2F
1-2: Foul Ball, location: 2F
1-2: Strikes out swinging
Batting: RHB Carlos Guzmán 0-0: 2-RUN HOME RUN (Flyball, 78XD), Distance : 404 ft
Batting: RHB Orlando Bruno 0-0: Ground out 5-3 (Groundball, 5S)
Top of the 2nd over - 2 run(s), 2 hit(s), 0 error(s), 0 left on base; Austin 2 - Pocatello 0
BOTTOM OF THE 2ND
Pocatello Boccabellas batting - Pitching for Austin River Sharks : RHP Salvador Ramírez
Batting: SHB Glenn Vadnais 0-0: Ball
1-0: Ground out 6-3 (Groundball, 6M)
Batting: RHB Francisco Sandoval 0-0: Called Strike
0-1: Foul Ball, location: 2F
0-2: Foul Ball, location: 2F
0-2: Ball
1-2: Ball
2-2: Ground out 6-3 (Groundball, 56)
Batting: RHB Pedro Guzmán 0-0: Ball
1-0: Ball
2-0: Called Strike
2-1: Called Strike
2-2: Ball
3-2: Base on Balls
Batting: SHB Guillermo Ortíz 0-0: Ball
Wild Pitch!
Pedro Guzmán to second
1-0: Ball
2-0: Called Strike
2-1: Ground out 4-3 (Groundball, 4)
Bottom of the 2nd over - 0 run(s), 0 hit(s), 0 error(s), 1 left on base; Austin 2 - Pocatello 0
TOP OF THE 3RD
Austin River Sharks batting - Pitching for Pocatello Boccabellas : RHP Kevin Bush
Batting: RHB Carlos Pérez 0-0: Called Strike
0-1: Ball
1-1: Ball
2-1: Swinging Strike
2-2: Foul Ball, location: 2F
2-2: Ball
3-2: Ground out 6-3 (Groundball, 6M)
Batting: LHB Bruno Lalonde 0-0: Foul Ball, location: 2F
0-1: Ground out 5-3 (Groundball, 56S)
Batting: RHB Tyler Wagner 0-0: Ball
1-0: Ball
2-0: Foul Ball, location: 2F
2-1: Called Strike
2-2: Ground out 6-3 (Groundball, 6)
Top of the 3rd over - 0 run(s), 0 hit(s), 0 error(s), 0 left on base; Austin 2 - Pocatello 0
BOTTOM OF THE 3RD
Pocatello Boccabellas batting - Pitching for Austin River Sharks : RHP Salvador Ramírez
Batting: RHB Chris Parker 0-0: Called Strike
0-1: Ball
1-1: Called Strike
1-2: Ball
2-2: Fly out, F8 (Flyball, 8RXD)
Batting: LHB Jesús Ramírez 0-0: Ball
1-0: Swinging Strike
1-1: Ball
2-1: Ground out 1-3 (Groundball, 13S)
Batting: RHB José García 0-0: Ball
1-0: Foul Ball, location: 2F
1-1: Called Strike
1-2: Strikes out swinging
Bottom of the 3rd over - 0 run(s), 0 hit(s), 0 error(s), 0 left on base; Austin 2 - Pocatello 0
TOP OF THE 4TH
Austin River Sharks batting - Pitching for Pocatello Boccabellas : RHP Kevin Bush
Batting: SHB Juan Castro 0-0: Called Strike
0-1: Called Strike
0-2: Ball
1-2: Ball
2-2: SOLO HOME RUN (Flyball, 8RXD), Distance : 455 ft
Batting: LHB Pedro Zaragoza 0-0: Called Strike
0-1: DOUBLE (Flyball, 8RXD)
Batting: RHB Kenneth Roberts 0-0: Ground out 6-3 (Groundball, 6)
Batting: LHB Terry Maloney 0-0: Ball
1-0: Ball
2-0: Ball
3-0: Called Strike
3-1: Foul Ball, location: 2F
3-2: Foul Ball, location: 2F
3-2: Foul Ball, location: 2F
3-2: Fly out, F6 (Popup, 6)
Batting: RHB Carlos Guzmán 0-0: Called Strike
0-1: Ball
1-1: Foul Ball, location: 2F
1-2: Foul Ball, location: 2F
1-2: Ball
2-2: Ball
3-2: Foul Ball, location: 2F
3-2: Fly out, F9 (Flyball, 9LD)
Top of the 4th over - 1 run(s), 2 hit(s), 0 error(s), 1 left on base; Austin 3 - Pocatello 0
BOTTOM OF THE 4TH
Pocatello Boccabellas batting - Pitching for Austin River Sharks : RHP Salvador Ramírez
Batting: LHB Norberto Muńóz 0-0: Bunt for hit - play at first, batter OUT! 1-3
Batting: LHB Juan Cortés 0-0: Called Strike
0-1: Ground out 1-3 (Groundball, 13)
Batting: SHB Glenn Vadnais 0-0: Called Strike
0-1: Ball
1-1: Called Strike
1-2: Strikes out looking
Bottom of the 4th over - 0 run(s), 0 hit(s), 0 error(s), 0 left on base; Austin 3 - Pocatello 0
TOP OF THE 5TH
Austin River Sharks batting - Pitching for Pocatello Boccabellas : RHP Kevin Bush
Batting: RHB Orlando Bruno 0-0: SINGLE (Line Drive, 6)
Batting: RHB Carlos Pérez 0-0: Grounds into double play, 5-4-3 (Groundball, 5)
Batting: LHB Bruno Lalonde 0-0: Ball
1-0: Ground out 4-3 (Groundball, 4)
Top of the 5th over - 0 run(s), 1 hit(s), 0 error(s), 0 left on base; Austin 3 - Pocatello 0
BOTTOM OF THE 5TH
Pocatello Boccabellas batting - Pitching for Austin River Sharks : RHP Salvador Ramírez
Batting: RHB Francisco Sandoval 0-0: Foul Ball, location: 2F
0-1: Ball
1-1: Called Strike
1-2: Ball
2-2: Fly out, F3 (Popup, 34)
Batting: RHB Pedro Guzmán 0-0: Ground out 6-3 (Groundball, 6)
Batting: SHB Guillermo Ortíz 0-0: Ball
1-0: Ball
2-0: Ball
3-0: Called Strike
3-1: Base on Balls
Batting: RHB Chris Parker 0-0: Ball
1-0: Ground out 6-3 (Groundball, 6)
Bottom of the 5th over - 0 run(s), 0 hit(s), 0 error(s), 1 left on base; Austin 3 - Pocatello 0
TOP OF THE 6TH
Austin River Sharks batting - Pitching for Pocatello Boccabellas : RHP Kevin Bush
Batting: RHB Tyler Wagner 0-0: Called Strike
0-1: Foul Ball, location: 2F
0-2: Foul Ball, location: 2F
0-2: Ball
1-2: Ball
2-2: Ball
3-2: Strikes out looking
Batting: SHB Juan Castro 0-0: Ground out U3 (Groundball, 3)
Batting: LHB Pedro Zaragoza 0-0: Called Strike
0-1: Ball
1-1: Reached on error, E5 (Groundball, 5)
Batting: RHB Kenneth Roberts 0-0: Ball
1-0: Ball
2-0: Foul Ball, location: 2F
2-1: Foul Ball, location: 2F
2-2: Foul Ball, location: 2F
2-2: Ground out 5-3 (Groundball, 56)
Top of the 6th over - 0 run(s), 0 hit(s), 1 error(s), 1 left on base; Austin 3 - Pocatello 0
BOTTOM OF THE 6TH
Pocatello Boccabellas batting - Pitching for Austin River Sharks : RHP Salvador Ramírez
Batting: LHB Jesús Ramírez 0-0: Ball
1-0: Foul Ball, location: 2F
1-1: Ball
2-1: Ground out U3 (Groundball, 3)
Batting: RHB José García 0-0: Ball
1-0: Ball
2-0: Called Strike
2-1: Swinging Strike
2-2: Foul Ball, location: 2F
2-2: Foul Ball, location: 2F
2-2: DOUBLE (Line Drive, 5D)
Batting: LHB Norberto Muńóz 0-0: Ball
1-0: Foul Ball, location: 2F
1-1: Ball
2-1: Ground out 1-3 (Groundball, 15)
Batting: LHB Juan Cortés 0-0: Ball
1-0: Ground out 1-3 (Groundball, 15S)
Bottom of the 6th over - 0 run(s), 1 hit(s), 0 error(s), 1 left on base; Austin 3 - Pocatello 0
TOP OF THE 7TH
Austin River Sharks batting - Pitching for Pocatello Boccabellas : RHP Kevin Bush
Batting: LHB Terry Maloney 0-0: Foul Ball, location: 2F
0-1: SOLO HOME RUN (Flyball, 89XD), Distance : 450 ft
Batting: RHB Carlos Guzmán 0-0: Ball
1-0: Ground out 4-3 (Groundball, 4)
Batting: RHB Orlando Bruno 0-0: Foul Ball, location: 2F
0-1: Ball
1-1: Ball
2-1: Ground out 1-3 (Groundball, 15)
Batting: RHB Carlos Pérez 0-0: Foul Ball, location: 2F
0-1: Foul Ball, location: 2F
0-2: Ball
1-2: Ball
2-2: Foul Ball, location: 2F
2-2: Foul Ball, location: 2F
2-2: Ball
3-2: Ground out 6-3 (Groundball, 6MS)
Top of the 7th over - 1 run(s), 1 hit(s), 0 error(s), 0 left on base; Austin 4 - Pocatello 0
BOTTOM OF THE 7TH
Pocatello Boccabellas batting - Pitching for Austin River Sharks : RHP Salvador Ramírez
Batting: SHB Glenn Vadnais 0-0: Ball
1-0: Ball
2-0: Called Strike
2-1: Ground out 3-1 (Groundball, 3)
Batting: RHB Francisco Sandoval 0-0: Called Strike
0-1: Ball
1-1: Called Strike
1-2: Strikes out swinging
Batting: RHB Pedro Guzmán 0-0: Ball
1-0: SINGLE (Line Drive, 6D)
Batting: SHB Guillermo Ortíz 0-0: Ball
1-0: Called Strike
1-1: Called Strike
Pedro Guzmán steals 2nd base
1-2: Ball
2-2: Ball
3-2: Base on Balls
Pitching: RHP Tatsuzo Harada
Batting: RHB Chris Parker 0-0: Ball
1-0: Ball
2-0: Called Strike
2-1: Fly out, F8 (Flyball, 8RXD)
Bottom of the 7th over - 0 run(s), 1 hit(s), 0 error(s), 2 left on base; Austin 4 - Pocatello 0
TOP OF THE 8TH
Austin River Sharks batting - Pitching for Pocatello Boccabellas : RHP Kevin Bush
Batting: LHB Bruno Lalonde 0-0: Ball
1-0: Ball
2-0: SINGLE (Groundball, 5D)
Batting: RHB Tyler Wagner 0-0: Ball
1-0: Bunted foul
1-1: Sac Bunt - play at first, batter OUT! 1-4
Bruno Lalonde to second
Batting: SHB Juan Castro 0-0: SINGLE (Groundball, 34S)
Bruno Lalonde to third
Runner from 3rd tries for Home, throw and OUT!
Batting: LHB Pedro Zaragoza 0-0: Swinging Strike
0-1: Ball
1-1: Ball
2-1: Ball
3-1: Swinging Strike
3-2: Foul Ball, location: 2F
3-2: Strikes out swinging
Top of the 8th over - 0 run(s), 2 hit(s), 0 error(s), 1 left on base; Austin 4 - Pocatello 0
BOTTOM OF THE 8TH
Pocatello Boccabellas batting - Pitching for Austin River Sharks : RHP Tatsuzo Harada
Batting: LHB Jesús Ramírez 0-0: Ball
1-0: Called Strike
1-1: Ball
2-1: Called Strike
2-2: Ball
3-2: Fly out, F7 (Flyball, 7M)
Batting: RHB José García 0-0: Ball
1-0: Called Strike
1-1: Called Strike
1-2: Ball
2-2: SINGLE (Flyball, 89M)
Batting: LHB Norberto Muńóz 0-0: Called Strike
0-1: Swinging Strike
0-2: Ball
1-2: Ball
2-2: Ball
3-2: Strikes out swinging
Batting: LHB Juan Cortés 0-0: Ball
1-0: Ball
2-0: Ground out 5-3 (Groundball, 5S)
Bottom of the 8th over - 0 run(s), 1 hit(s), 0 error(s), 1 left on base; Austin 4 - Pocatello 0
TOP OF THE 9TH
Austin River Sharks batting - Pitching for Pocatello Boccabellas : RHP Kevin Bush
Batting: RHB Kenneth Roberts 0-0: Called Strike
0-1: Foul Ball, location: 2F
0-2: Foul Ball, location: 2F
0-2: Ball
1-2: Ball
2-2: Strikes out looking
Batting: LHB Terry Maloney 0-0: Swinging Strike
0-1: Foul Ball, location: 2F
0-2: Ball
1-2: Ball
2-2: DOUBLE (Flyball, 78XD)
Pitching: RHP Mike Pierce
Batting: RHB Carlos Guzmán 0-0: Ball
1-0: Ball
2-0: Foul Ball, location: 2F
2-1: Ball
3-1: Base on Balls
Batting: RHB Orlando Bruno 0-0: Ball
1-0: Ball
2-0: Called Strike
2-1: Foul Ball, location: 2F
2-2: Ball
3-2: Strikes out swinging
Batting: RHB Carlos Pérez 0-0: Ball
1-0: Ball
2-0: Foul Ball, location: 2F
2-1: Called Strike
2-2: Ball
3-2: Strikes out swinging
Top of the 9th over - 0 run(s), 1 hit(s), 0 error(s), 2 left on base; Austin 4 - Pocatello 0
BOTTOM OF THE 9TH
Pocatello Boccabellas batting - Pitching for Austin River Sharks : RHP Tatsuzo Harada
Batting: SHB Glenn Vadnais 0-0: Ball
1-0: Called Strike
1-1: Ball
2-1: Foul Ball, location: 2F
2-2: Foul Ball, location: 2F
2-2: Foul Ball, location: 2F
2-2: Ball
3-2: Base on Balls
Pitching: RHP Ramón Estrada
Batting: RHB Francisco Sandoval 0-0: Called Strike
0-1: Ball
1-1: Called Strike
1-2: Ball
2-2: Fly out, F7 (Flyball, 7D)
Runner from 1st tags up, SAFE at 2nd
Batting: RHB Pedro Guzmán 0-0: 2-RUN HOME RUN (Flyball, 7LD), Distance : 361 ft
Pitching: RHP Ricardo Sánchez
Batting: SHB Guillermo Ortíz 0-0: Swinging Strike
0-1: Ball
1-1: Foul Ball, location: 2F
1-2: Foul Ball, location: 2F
1-2: Ball
2-2: Ball
3-2: Foul Ball, location: 2F
3-2: Base on Balls
Pinch Hitting: LHB David Monahan 0-0: Called Strike
0-1: Ball
1-1: Ball
2-1: SINGLE (Groundball, 5D)
Guillermo Ortíz to second
Batting: LHB Jesús Ramírez 0-0: Ball
1-0: Swinging Strike
1-1: Ball
2-1: SINGLE (Groundball, 4M) (infield hit)
Guillermo Ortíz to third
David Monahan to second
Batting: RHB José García 0-0: Ball
1-0: Ball
2-0: Ball
3-0: Base on Balls
Guillermo Ortíz scores
David Monahan to third
Jesús Ramírez to second
Batting: LHB Norberto Muńóz 0-0: Ball
1-0: Called Strike
1-1: Grounds into double play, 4-2-3 (Groundball, 4)
Bottom of the 9th over - 3 run(s), 3 hit(s), 0 error(s), 2 left on base; Austin 4 - Pocatello 3
Monday, December 5th, 2016 - OOTP Baseball 17.12 Build 75